 Dungeon Crawl Stone Soup version 0.17-a0-1978-gc390f2e (webtiles) character file.

11991 RobertPalmer the Martial Artist (level 11, -4/64 HPs)
             Began as a Vine Stalker Chaos Knight on Oct 3, 2015.
             Slain by a hog (5 damage)
             ... led by Kirke
             ... on level 13 of the Dungeon on Oct 4, 2015.
             The game lasted 00:28:13 (10282 turns).

RobertPalmer the Martial Artist (VSCK)             Turns: 10282, Time: 00:28:14

Health: -4/64      AC: 17    Str: 17    XL:     11   Next: 86%
Magic:  0/12       EV: 16    Int:  9    God:    Xom [....*.]
Gold:   389        SH:  2    Dex: 16    Spells: 0 memorised, 10 levels left

rFire  + + +     SeeInvis .       - Unarmed
rCold  + + +     Rnd*Rage +     C - +2 troll leather armour of Eqatseit {rC+ Regen+ rCorr Str+3 Int-3, regen}
rNeg   . . .     SustAt   .     (no shield)
rPois  +         Gourm    .     q - +0 helmet
rElec  +         Spirit   +     y - +1 cloak
rCorr  +         Warding  .     t - +0 pair of gloves
rMut   .         Rnd*Tele +     k - +0 pair of boots
MR     ++...                    (no amulet)
Stlth  +.........               E - ring of wizardry {Wiz+, !d}
                                p - ring of protection from magic {MR+, !d}

@: exhausted, death channel, resistant, very slightly contaminated, slowed, very
slow, very resistant to hostile enchantments, very unstealthy
A: fangs 3, large bone plates 1, molten scales 1, slimy green scales 1, berserk
1, blurry vision 1, breathe flames 1, cold resistance 1, fire resistance 2,
regeneration 2, teleportitis 1, weak 1, magic shield, antimagic bite, no device
heal 3, rot immunity
a: Renounce Religion, Breathe Fire


You were on level 13 of the Dungeon.
You worshipped Xom.
You were a beloved toy of Xom.
You were near starving.

You visited 1 branch of the dungeon, and saw 14 of its levels.
You also visited: Sewer.

You collected 968 gold pieces.
You spent 579 gold pieces at shops.

Inventory:

Missiles
 G - 2 throwing nets {=f, !d}
Armour
 k - a +0 pair of boots (worn)
   (You found it on level 11 of the Dungeon)
 q - a +0 helmet (worn)
   (You found it in a sewer)
 t - a +0 pair of gloves (worn)
   (You found it on level 3 of the Dungeon)
 y - a +1 cloak (worn)
   (You found it on level 4 of the Dungeon)
 C - the +2 troll leather armour of Eqatseit (worn) {rC+ Regen+ rCorr Str+3 Int-3, regen}
   (You bought it in a shop on level 14 of the Dungeon)

   It affects your strength (+3).
   It affects your intelligence (-3).
   It protects you from cold.
   It increases your rate of regeneration.
   It protects you from acid and corrosion.
Magical Staves
 h - an uncursed staff of summoning {unknown}
   (You found it on level 12 of the Dungeon)
Jewellery
 a - an uncursed ring of wizardry {Wiz+, !d}
   (You took it off a centaur warrior on level 14 of the Dungeon)
 g - an uncursed ring of flight {+Fly, !d}
   (You found it on level 3 of the Dungeon)
 m - a +2 ring of protection {unknown}
   (You found it on level 14 of the Dungeon)
 p - a ring of protection from magic (left hand) {MR+, !d}
   (You found it on level 2 of the Dungeon)
 z - an uncursed ring of protection from magic {MR+, !d}
   (You found it on level 4 of the Dungeon)
 E - a ring of wizardry (right hand) {Wiz+, !d}
   (You found it on level 6 of the Dungeon)
 L - an uncursed amulet of stasis {Stasis, !d}
   (You found it on level 8 of the Dungeon)
Wands
 f - a wand of enslavement (17)
   (You found it on level 14 of the Dungeon)
Scrolls
 d - 2 scrolls of enchant armour
 n - 3 scrolls of magic mapping {!r}
 r - 5 scrolls of remove curse
 s - 2 scrolls of amnesia
 w - a scroll of blinking {!r}
 A - 2 scrolls of fog
Potions
 c - 3 potions of brilliance
 i - 7 potions of magic
 j - 3 potions of flight
 H - 2 potions of ambrosia {!q}
 I - a potion of cancellation {unknown}
 J - 3 potions of curing
 M - a potion of resistance
Books
 B - a book of Envenomations
   (You found it on level 6 of the Dungeon)
Miscellaneous
 F - an ornate deck of changes
   (You found it on level 14 of the Dungeon)
Comestibles
 b - 10 bread rations {@e1}
 l - 6 beef jerkies
 o - 7 fruits
 u - a slice of pizza
 v - a royal jelly
 D - 4 meat rations {@e2}


   Skills:
 - Level 10.6 Fighting
 + Level 4.8 Armour
 - Level 6.4 Dodging
 - Level 12.7 Unarmed Combat


You had 10 spell levels left.
You didn't know any spells.

Dungeon Overview and Level Annotations

Branches:
Dungeon (14/15)            Temple (0/1) D:5            Lair (0/8) D:8
    Orc (0/4) D:11
 Vaults: D:13-14

Altars:
Cheibriados
Elyvilon
Fedhas
Gozag
Nemelex Xobeh
Okawaru
Qazlal
Xom

Shops:
D:14 *(=%

Annotations:
D:13 Azrael, Kirke, Rupert


Innate Abilities, Weirdness & Mutations

You have razor-sharp teeth.
You heal very quickly.
When hurt, damage is shared between your health and your magic reserves.
Your bite disrupts and absorbs the magic of your enemies.
Potions and wands cannot restore your health.
You are immune to rotting.
You are partially covered in large bone plates (AC +2, SH +2).
You are partially covered in molten scales (AC +1).
You are partially covered in slimy green scales (AC +2).
You tend to lose your temper in combat.
Scrolls take you a little longer to read.
You can breathe flames.
Your flesh is cold resistant.
Your flesh is very heat resistant.
You are occasionally teleported to nearby monsters.
You are weak. (Str -2)


Message History

Deactivating autopickup; reactivate with Ctrl-A.
Your spectral centaur hits the water elemental but does no damage.
The electric eel shoots out a bolt of lightning at you!
The bolt of electricity hits the water elemental.
The water elemental resists.
The bolt of electricity misses you.
The bolt of electricity hits your spectral ogre.
Your spectral ogre is destroyed!
The bolt of electricity hits your spectral centaur.
The water elemental hits you!
You hear a shout!
A hell hound comes into view.
You take 15 damage, and have 40/64 hp.
MASSIVE DAMAGE!!
You now have 9/12 mp.
Unknown command.
Drink which item? (? for menu, Esc to quit)
You feel protected.
Your lungs strain for air!
Your spectral centaur barely misses the water elemental. x2
The water elemental barely misses you.
Your spectral centaur hits the electric eel.
A fire elemental, a centaur warrior and Azrael come into view.
You take 7 damage, and have 33/64 hp.
You now have 7/12 mp.
Unknown command.
You punch the water elemental! You bite the water elemental.
You drain its power.
You feel invigorated.
Your lungs strain for air!
Your spectral centaur hits the water elemental.
Your spectral centaur hits the electric eel!
The electric eel shoots out a bolt of lightning at you!
The bolt of electricity hits the water elemental.
The water elemental resists.
The bolt of electricity hits you! You resist.
The bolt of electricity hits your spectral centaur.
The water elemental hits your spectral centaur!
Your spectral centaur is destroyed!
Your spectral centaur hits the water elemental.
A hell hound and a fire elemental come into view.
You take 6 damage, and have 27/64 hp.
You regained 2 mp, and now have 9/12 mp.
You closely miss the water elemental. You bite the water elemental.
You drain its power.
You feel invigorated.
You destroy the water elemental!
You gasp with relief as air once again reaches your lungs.
The centaur warrior wields a longbow.
The centaur warrior shoots an arrow.
The arrow hits your spectral centaur!
The shadow strikes at you from the darkness!
The hog barely misses your spectral centaur.
You regained 2 mp, and now have 11/12 mp.
Unknown command.
You punch the cyan ugly thing! Your bite misses the cyan ugly thing.
Your spectral centaur closely misses the electric eel.
The centaur warrior shoots an arrow.
The arrow closely misses you.
Your spectral centaur hits something but does no damage.
Your spectral centaur closely misses the electric eel.
The cyan ugly thing closely misses you.
Kirke is engulfed in a cloud of scalding steam.
Kirke gestures wildly while chanting.
Kirke flickers and vanishes!
Your spectral centaur hits the cyan ugly thing.
The shadow strikes at you from the darkness!
* * * LOW HITPOINT WARNING * * *
Reactivating autopickup.
Your spectral centaur closely misses the electric eel.
Your spectral centaur misses the electric eel.
A jelly and a hungry ghost come into view.
You take 12 damage, and have 16/64 hp.
You now have 7/12 mp.
Unknown command.
Read which item? (? for menu, Esc to quit)
Really read
w - a scroll of blinking {!r}?
Really read with blurry vision while enemies are nearby?
Your spectral centaur closely misses the shadow.
Your spectral centaur barely misses the electric eel.
Your spectral centaur hits the cyan ugly thing but does no damage.
The centaur warrior shoots an arrow.
The arrow hits your spectral centaur! The cyan ugly thing stings you!
* * * LOW HITPOINT WARNING * * *
The cyan ugly thing shocks you. You resist.
* * * LOW HITPOINT WARNING * * *
Your spectral centaur closely misses the electric eel.
The hell hound bites your spectral centaur.
The shadow barely misses you.
Your spectral centaur hits the electric eel.
The electric eel shoots out a bolt of lightning at your spectral centaur!
The bolt of electricity hits your spectral centaur.
Your spectral centaur is destroyed!
Your spectral centaur hits the shadow.
The hell hound barks!
You begin reading the scroll.
You continue reading the scroll.
Your spectral centaur hits the electric eel!
The electric eel dies!
A glowing mist starts to gather...
You hear a splash.
Your spectral centaur hits the cyan ugly thing.
Your spectral centaur hits the hog.
The hell hound bites your spectral centaur.
The hog bites you!
* * * LOW HITPOINT WARNING * * *
The hog bites you.
You die...
Xom cackles wildly!

§§##### #.# .h§......
#(# ## .≈E§h≈... ...
.# .h≈{≈≈..# #.# .#
W§E≈≈≈..# #.# .#
JR§≈W≈..# #.##.#
ohhE.hhh#####.#Z.#
..≈≈c≈huZ....)#.##
≈.≈≈≈Zh@######)Z.#
≈.≈Z≈ZW.#
#>())#.....(
≈.≈≈≈≈Z.#
#.)....####.
≈.≈≈≈≈..# #...#......
.....................
#.#.#.#......![..####
. ...)...........#
##.....##....#### ##
#....#


You could see Azrael, a cyan ugly thing, a centaur warrior, a hungry ghost, 6
hogs, 3 fire elementals, a wraith, 4 hell hounds, a shadow, a jelly, an orc, 4
friendly spectral centaurs and a friendly spectral electric eel.

Vanquished Creatures
  Nessos (D:12)
  2 centaur warriors (D:14)
  A shining eye (shapeshifter) (D:8)
  Maurice (D:11)
  A gargoyle (D:11)
  A polar bear (D:12)
  A two-headed ogre (D:9)
  2 trolls
  2 wyverns (D:8)
  A water elemental (D:13)
  A deep elf fighter (D:8)
  4 yaks
  2 hippogriffs
  4 ice beasts
  3 orc warriors
  An eye of draining (D:11)
  3 sky beasts
  A necrophage (D:11)
  A boggart (D:11)
  14 centaurs
  9 ogres
  A crocodile (D:7)
  5 giant frogs
  A big kobold (D:5)
  A gnoll sergeant (D:11)
  The ghost of derrpe the Sneak, an average VSEn (D:3)
  6 killer bees (D:7)
  A killer bee (shapeshifter) (D:8)
  3 scorpions
  10 wights
  2 hounds
  3 giant frog zombies
  A gnoll shaman (D:8)
  2 crimson imps
  6 worker ants
  Crazy Yiuf (D:7)
  2 giant frog skeletons (D:11)
  10 orc priests
  2 iguanas
  10 orc wizards
  2 hound skeletons
  5 river rats
  11 gnolls
  3 shadow imps
  11 adders
  2 oozes
  An adder zombie (D:8)
  3 worms
  3 giant geckos
  52 orcs
  5 ball pythons
  6 giant cockroaches
  7 goblins
  5 hobgoblins
  12 kobolds
  9 quokkas
  23 bats
  8 giant newts
  6 jackals
  10 rats
308 creatures vanquished.

Vanquished Creatures (collateral kills)
  4 yaks (D:12)
  An electric eel (D:13)
5 creatures vanquished.

Vanquished Creatures (others)
  A yak (D:9)
  An orc warrior (D:9)
  A giant frog (D:11)
  An orc wizard (D:11)
  An orc (D:9)
  A fungus (D:8)
6 creatures vanquished.

Grand Total: 319 creatures vanquished

Notes
Turn   | Place    | Note
--------------------------------------------------------------
     0 | D:1      | RobertPalmer the Vine Stalker Chaos Knight began the quest for the Orb.
     0 | D:1      | Reached XP level 1. HP: 11/11 MP: 2/2
     0 | D:1      | Noticed a troll
     0 | D:1      | Noticed a formicid
     3 | D:1      | Noticed a felid
     6 | D:1      | Noticed a vampire
     8 | D:1      | Noticed a troll
    10 | D:1      | Noticed a felid
    12 | D:1      | Noticed an elf
    14 | D:1      | Noticed a naga
    16 | D:1      | Noticed a formicid
    16 | D:1      | Noticed a draconian
    16 | D:1      | Noticed a gargoyle
    18 | D:1      | Noticed an ogre
    18 | D:1      | Noticed a vine stalker
    20 | D:1      | Noticed an ogre
    34 | D:1      | XOM: divination: detect creatures
   136 | D:1      | Reached XP level 2. HP: 13/16 MP: 3/3
   258 | D:1      | XOM: divination: detect items
   535 | D:1      | XOM: 5-stop teleportation journey
   678 | D:1      | Reached skill level 4 in Unarmed Combat
   684 | D:1      | XOM: vitrification
   823 | D:1      | Reached XP level 3. HP: 17/19 MP: 4/4
  1400 | D:2      | XOM: noise
  1432 | D:2      | Reached XP level 4. HP: 20/23 MP: 3/5
  1575 | D:3      | Reached skill level 5 in Unarmed Combat
  1590 | D:3      | Found a glowing drain.
  1613 | Sewer    | Entered a sewer
  1618 | Sewer    | XOM: 1-stop teleportation journey
  1994 | D:3      | XOM: chaos upgrade
  2044 | D:3      | Noticed derrpe's ghost (average VSEn)
  2046 | D:3      | XOM: enchant monster (good)
  2047 | D:3      | Reached skill level 10 in Fighting
  2047 | D:3      | Reached XP level 5. HP: 25/37 MP: 6/6
  2054 | D:3      | Killed derrpe's ghost
  2054 | D:3      | Gained mutation: You heal very quickly. [Vine Stalker growth]
  2054 | D:3      | Reached XP level 6. HP: 30/42 MP: 7/7
  2292 | D:3      | XOM: divination: detect creatures
  2403 | D:4      | Found an iron altar of Okawaru.
  2465 | D:4      | XOM: harmless Hex miscast
  2554 | D:4      | XOM: silly message
  2571 | D:4      | Reached skill level 6 in Unarmed Combat
  2674 | D:4      | XOM: potion effect (brilliance)
  2695 | D:4      | Reached XP level 7. HP: 33/46 MP: 8/8
  3119 | D:5      | Entered Level 5 of the Dungeon
  3273 | D:5      | XOM: harmless Pois miscast
  3284 | D:5      | Reached skill level 7 in Unarmed Combat
  3301 | D:5      | Found a staircase to the Ecumenical Temple.
  3352 | D:5      | XOM: potion effect (brilliance)
  3361 | D:4      | Gained mutation: You have razor-sharp teeth. [Vine Stalker growth]
  3361 | D:4      | Reached XP level 8. HP: 32/51 MP: 9/9
  3855 | D:5      | XOM: medium Divn miscast
  3868 | D:5      | XOM: silly message
  4191 | D:6      | Reached skill level 8 in Unarmed Combat
  4383 | D:6      | XOM: stat loss: -1 Str (15/16)
  4598 | D:6      | XOM: give mutations
  4598 | D:6      | Gained mutation: You are weak. (Str -2) [Xom's mischief]
  4598 | D:6      | Gained mutation: Scrolls take you a little longer to read. [Xom's mischief]
  4598 | D:6      | Gained mutation: You are clumsy. (Dex -2) [Xom's mischief]
  4598 | D:6      | Gained mutation: You are occasionally teleported to nearby monsters. [Xom's mischief]
  4689 | D:6      | Lost mutation: You are clumsy. (Dex -2) [potion of mutation]
  4689 | D:6      | Gained mutation: You tend to lose your temper in combat. [potion of mutation]
  4689 | D:6      | Gained mutation: You are partially covered in large bone plates (AC +2, SH +2). [potion of mutation]
  4909 | D:7      | XOM: blink monster(s)
  4920 | D:7      | Reached skill level 9 in Unarmed Combat
  5041 | D:7      | Reached XP level 9. HP: 46/55 MP: 7/10
  5099 | D:7      | HP: 12/55 [orc warrior/war axe (14)]
  5099 | D:7      | XOM: butterfly on damage
  5099 | D:7      | XOM: smoke on damage
  5106 | D:7      | XOM: chaos upgrade
  5197 | D:7      | XOM: enchant monster (bad)
  5204 | D:7      | Noticed Crazy Yiuf
  5212 | D:7      | XOM: 1-stop teleportation journey
  5256 | D:7      | XOM: mild Necr miscast
  5278 | D:7      | XOM: blink monster(s)
  5323 | D:7      | XOM: silly message
  5397 | D:7      | Killed Crazy Yiuf
  5460 | D:7      | Reached skill level 10 in Unarmed Combat
  5920 | D:8      | XOM: blink monster(s)
  5956 | D:8      | XOM: polymorph two-headed ogre -> shapeshifter
  5957 | D:8      | Noticed a shining eye
  5957 | D:8      | a shapeshifter changed into a shining eye
  5958 | D:8      | XOM: polymorph rat -> river rat
  5967 | D:8      | XOM: smoke on damage
  5976 | D:8      | XOM: enchant monster (good)
  5991 | D:8      | Killed a shining eye
  5991 | D:8      | Reached skill level 11 in Unarmed Combat
  5991 | D:8      | Reached XP level 10. HP: 30/60 MP: 11/11
  6068 | D:8      | XOM: noise
  6403 | D:8      | Found a staircase to the Lair.
  6624 | D:8      | XOM: 3-stop teleportation journey
  6747 | D:8      | XOM: torment (36/60 hp)
  6804 | D:8      | XOM: give mutations
  6804 | D:8      | Gained mutation: You are partially covered in slimy green scales (AC +2). [Xom's grace]
  6804 | D:8      | Gained mutation: Your flesh is cold resistant. [Xom's grace]
  6863 | D:8      | XOM: colour smoke trail
  7240 | D:9      | XOM: mild Summ miscast
  7311 | D:9      | XOM: confusion (+ monsters)
  7343 | D:9      | XOM: medium Fire miscast
  7347 | D:9      | XOM: vitrification
  7347 | D:9      | Found a blossoming altar of Fedhas.
  7351 | D:9      | Reached skill level 12 in Unarmed Combat
  7406 | D:9      | Found a snail-covered altar of Cheibriados.
  7491 | D:9      | XOM: cast spell 'Spider Form'
  7507 | D:9      | XOM: divine lightning (protected)
  7698 | D:9      | Found a sparkling altar of Nemelex Xobeh.
  7698 | D:9      | Found a stormy altar of Qazlal.
  7698 | D:9      | Found a white marble altar of Elyvilon.
  7704 | D:9      | Found a shimmering altar of Xom.
  7762 | D:9      | XOM: vitrification
  7794 | D:10     | Entered Level 10 of the Dungeon
  7917 | D:10     | Reached skill level 1 in Dodging
  7978 | D:10     | XOM: give mutations
  7978 | D:10     | Gained mutation: You are partially covered in molten scales (AC +1). [Xom's grace]
  7978 | D:10     | Gained mutation: Your flesh is heat resistant. [Xom's grace]
  7978 | D:10     | Gained mutation: You can breathe flames. [Xom's grace]
  7978 | D:10     | Gained mutation: Your flesh is very heat resistant. [Xom's grace]
  8383 | D:10     | XOM: god gift: scroll labeled MECRYOMISA
  8466 | D:11     | Found an opulent altar of Gozag.
  8512 | D:11     | Reached skill level 2 in Dodging
  8515 | D:11     | XOM: vitrification
  8561 | D:11     | XOM: scenery: 1 doors open, 1 doors close
  8573 | D:11     | Found a staircase to the Orcish Mines.
  8764 | D:11     | XOM: enchant monster (good)
  8767 | D:11     | Noticed Maurice
  8785 | D:11     | Killed Maurice
  8785 | D:11     | Reached skill level 3 in Dodging
  8785 | D:11     | Reached XP level 11. HP: 60/64 MP: 12/12
  8790 | D:11     | XOM: 3-stop teleportation journey
  8813 | D:11     | XOM: 3-stop teleportation journey
  8827 | D:11     | XOM: enchant monster (bad)
  9033 | D:11     | XOM: noise
  9052 | D:11     | XOM: severe Conj miscast
  9127 | D:11     | Reached skill level 4 in Dodging
  9165 | D:11     | XOM: 8-stop teleportation journey
  9166 | D:11     | XOM: enchant monster (bad)
  9198 | D:11     | XOM: harmless Trmt miscast
  9202 | D:11     | XOM: polymorph ogre -> boggart
  9292 | D:11     | XOM: harmless Air miscast
  9306 | D:11     | Upgraded the game from 0.17-a0-1951-g62301d3 to 0.17-a0-1978-gc390f2e
  9464 | D:11     | XOM: silly message
  9535 | D:12     | Reached skill level 5 in Dodging
  9570 | D:12     | Noticed Nessos
  9570 | D:12     | XOM: 3-stop teleportation journey
  9591 | D:12     | XOM: confusion (+ monsters)
  9595 | D:12     | XOM: polymorph yak -> polar bear
  9596 | D:12     | XOM: summons 3 hostile demons
  9613 | D:12     | XOM: noise
  9638 | D:12     | XOM: potion effect (curing)
  9641 | D:12     | Killed Nessos
  9641 | D:12     | Reached skill level 6 in Dodging
  9646 | D:12     | XOM: enchant monster (good)
  9658 | D:12     | XOM: mild Chrm miscast
  9664 | D:12     | HP: 11/64 [shadow (8)]
  9670 | D:12     | HP: 11/64 [something (1)]
  9710 | D:13     | Noticed Rupert
  9761 | D:14     | Found Moixt's Antique Weapon Boutique.
  9788 | D:14     | Noticed a centaur warrior
  9860 | D:14     | Found Wyfa's General Store.
  9864 | D:14     | Bought the +2 troll leather armour of Eqatseit {rC+ Regen+ rCorr Str+3 Int-3} for 579 gold pieces
  9894 | D:14     | Found Xoirchip's Jewellery Shoppe.
  9906 | D:14     | Noticed a centaur warrior
  9908 | D:14     | XOM: silly message
  9913 | D:14     | XOM: potion effect (agility)
  9916 | D:14     | Killed a centaur warrior
  9916 | D:14     | Reached skill level 3 in Armour
 10076 | D:14     | Found Cixer's Food Shop.
 10134 | D:14     | Killed a centaur warrior
 10134 | D:14     | Reached skill level 4 in Armour
 10190 | D:14     | Noticed an enchanted long sword
 10191 | D:14     | Noticed an enchanted long sword
 10191 | D:14     | XOM: enchant monster (good)
 10193 | D:14     | XOM: summons 5 hostile shadow creatures
 10194 | D:14     | Noticed a tengu warrior
 10197 | D:14     | XOM: harmless Air miscast
 10202 | D:14     | XOM: summons 2 friendly demons
 10204 | D:14     | Killed an unseen horror
 10204 | D:14     | XOM: divine lightning (protected)
 10213 | D:14     | XOM: summons 11 friendly demons
 10218 | D:14     | XOM: cast spell 'Death Channel'
 10238 | D:14     | XOM: summons 5 friendly demons
 10239 | D:14     | XOM: destruction
 10242 | D:14     | XOM: fake destruction
 10249 | D:14     | XOM: potion effect (berserk rage)
 10275 | D:13     | Noticed Kirke
 10278 | D:13     | Noticed Azrael
 10278 | D:13     | Noticed a centaur warrior
 10280 | D:13     | HP: 16/64 [something (13)]
 10281 | D:13     | HP: 7/64 [cyan ugly thing (10)]
 10282 | D:13     | HP: 1/64 [hog[Kirke] (5)]
 10282 | D:13     | Slain by a hog

Vault maps used:
D:1:      shiori_arrival_whats_in_store_for_you, serial_forest,
          infiniplex_forest_end_1, infiniplex_forest_lined_ring,
          infiniplex_forest_side_room, infiniplex_forest_lined_3,
          infiniplex_forest_end_2, infiniplex_forest_split,
          infiniplex_forest_lined_3, infiniplex_forest_clump_long,
          infiniplex_forest_clump_cross, infiniplex_forest_straight_1
D:2:      nrook_mini_backslash
D:3:      portal_sewer_entry_a, hangedman_decor_opposing
D:4:      nicolae_overflow_crystal_walls, first_bread
D:5:      minmay_temple_entry_crystal_x, grunt_ministairs_12
D:7:      serial_aquarium, aquarium_bridge_square, aquarium_bridge_square,
          aquarium_window_corridor_3, aquarium_window_fake,
          aquarium_window_fake, aquarium_view_2d, aquarium_view_2c,
          aquarium_balcony_3b, aquarium_pool_four, grunt_ogre_cave,
          grunt_decor_arrowhead, uniq_crazy_yiuf_cottage
D:8:      grunt_lair_entry_elf_guard_hut, minmay_misc_feat_hallway,
          grunt_ministairs_4, hangedman_decor_diamond_cutter
D:9:      minmay_overflow_temple_hex
D:11:     hiddenorc1_lemuel, nicolae_gozag_cash_rules_everything_around_me,
          uniq_maurice
D:12:     lemuel_insect_pit, minivault_16, uniq_nessos
D:13:     serial_shops, nicolae_shop_statue_plus, minivault_14, uniq_rupert,
          uniq_azrael, uniq_kirke
D:14:     erik_vaults_1, serial_shops, shop_coins, kennysheep_mini_moat, shop,
          shop, grunt_decor_one_mirror
Sewer:    sewer_co_purgy_island

Action                   |  1- 3 |  4- 6 |  7- 9 | 10-12 || total
-------------------------+-------+-------+-------+-------++-------
Melee: Unarmed           |   110 |   132 |   293 |   463 ||   998
Evoke: Wand              |       |       |       |     8 ||     8
  Use: Scroll            |       |    12 |     1 |    19 ||    32
       Potion            |       |     4 |     7 |     5 ||    16
 Stab: Paralysed         |       |     3 |       |     1 ||     4
       Sleeping          |       |     1 |     1 |     2 ||     4
  Eat: Chunk             |     2 |     4 |     6 |    15 ||    27
       Meat ration       |       |       |     1 |       ||     1
       Beef jerky        |       |       |     1 |     1 ||     2
       Pizza             |       |       |       |     1 ||     1

Vault maps used:
D:1:      shiori_arrival_whats_in_store_for_you, serial_forest,
          infiniplex_forest_end_1, infiniplex_forest_lined_ring,
          infiniplex_forest_side_room, infiniplex_forest_lined_3,
          infiniplex_forest_end_2, infiniplex_forest_split,
          infiniplex_forest_lined_3, infiniplex_forest_clump_long,
          infiniplex_forest_clump_cross, infiniplex_forest_straight_1
D:2:      nrook_mini_backslash
D:3:      portal_sewer_entry_a, hangedman_decor_opposing
D:4:      nicolae_overflow_crystal_walls, first_bread
D:5:      minmay_temple_entry_crystal_x, grunt_ministairs_12
D:7:      serial_aquarium, aquarium_bridge_square, aquarium_bridge_square,
          aquarium_window_corridor_3, aquarium_window_fake,
          aquarium_window_fake, aquarium_view_2d, aquarium_view_2c,
          aquarium_balcony_3b, aquarium_pool_four, grunt_ogre_cave,
          grunt_decor_arrowhead, uniq_crazy_yiuf_cottage
D:8:      grunt_lair_entry_elf_guard_hut, minmay_misc_feat_hallway,
          grunt_ministairs_4, hangedman_decor_diamond_cutter
D:9:      minmay_overflow_temple_hex
D:11:     hiddenorc1_lemuel, nicolae_gozag_cash_rules_everything_around_me,
          uniq_maurice
D:12:     lemuel_insect_pit, minivault_16, uniq_nessos
D:13:     serial_shops, nicolae_shop_statue_plus, minivault_14, uniq_rupert,
          uniq_azrael, uniq_kirke
D:14:     erik_vaults_1, serial_shops, shop_coins, kennysheep_mini_moat, shop,
          shop, grunt_decor_one_mirror
Sewer:    sewer_co_purgy_island

Table legend:
 A = Turns spent in this place as a percentage of turns spent in the entire game.
 B = Non-inter-level travel turns spent in this place as a percentage of non-inter-level travel turns spent in the entire game.
 C = Inter-level travel turns spent in this place as a percentage of turns spent in this place.
 D = Turns resting spent in this place as a percentage of non-inter-level travel turns spent in this place.
 E = Turns spent auto-exploring this place as a percentage of non-inter-level travel turns spent in this place.
 F = Non-inter-level travel turns spent in this place divided by the number of levels of this place that you've seen.
                   A       B       C       D       E      F
               +-------+-------+-------+-------+-------+----------------------
         Total | 100.0 | 100.0 |   0.5 |   2.2 |   9.6 | 258.6
       Dungeon |  95.7 |  95.7 |   0.5 |   2.1 |  10.1 | 265.2
         Sewer |   4.3 |   4.3 |   0.0 |   4.2 |   0.0 | 166.0
               +-------+-------+-------+-------+-------+----------------------

Table legend:
 A = Kills in this place as a percentage of kills in entire the game.
 B = Kills by you in this place as a percentage of kills by you in the entire game.
 C = Kills by friends in this place as a percentage of kills by friends in the entire game.
 D = Other kills in this place as a percentage of other kills in the entire game.
 E = Experience gained in this place as a percentage of experience gained in the entire game.
 F = Experience gained in this place divided by the number of levels of this place that you have seen.
                   A       B       C       D       E      F
               +-------+-------+-------+-------+-------+----------------------
         Total | 100.0 | 100.0 | 100.0 | 100.0 | 100.0 | 1132.1
       Dungeon |  97.5 |  97.4 | 100.0 | 100.0 |  99.9 | 1212.4
         Sewer |   2.5 |   2.6 |   0.0 |   0.0 |   0.1 |   9.0
               +-------+-------+-------+-------+-------+----------------------
